AoeStats
← SanchoPanza

Black Forest

509948781Analyzed
3v3 RM · 4d ago on Sep 28, 2026· 85m 17s· 6 players
Game mode
Random Map
Map size
Normal (6 player)
Population
200
Speed
Normal
Resources
Standard
Victory
Conquest
Starting age
Dark Age
Ending age
Imperial Age
RankedLock teamsTeams togetherTeam positionsShared explorationLock speedFull tech treeHidden civsTurbo modeCheats
Victory
Defeat
🇪🇸 Franks · Spain
711
+10
🇪🇸 Britons · Spain
547
+18
🇪🇸 Goths · Spain
542
+17
🇫🇷 Tatars · France
619
-17
🇹🇷 Turks · Türkiye
582
-15
🇲🇽 Celts · Mexico
520
-13
El JoJo62
0:39 Loom
13:46 Feudal Age
15:02 Wheelbarrow
14:13 Horse Collar
14:22 Double-Bit Axe
14:38 Fishing Lines
21:48 Castle Age
20:34 Stone Mining
20:35 Gold Mining
23:57 Hand Cart
29:54 Imperial Age
29:00 Bow Saw
28:54 Heavy Plow
30:57 Forging
30:52 Scale Barding Armor
30:48 Scale Mail Armor
32:54 Fletching
33:05 Padded Archer Armor
33:41 Iron Casting
33:26 Chain Barding Armor
35:05 Fortified Wall
35:56 Chemistry
35:08 Masonry
37:17 Blast Furnace
36:33 Leather Archer Armor
36:14 Bodkin Arrow
38:50 Plate Barding Armor
38:41 Bombard Tower
38:13 Heated Shot
38:04 Treadmill Crane
39:10 Gold Shaft Mining
39:08 Crop Rotation
38:27 Town Watch
38:48 Gillnets
39:15 Town Patrol
40:26 Bracer
40:57 Ring Archer Armor
41:05 Caravan
41:37 Coinage
41:17 Guilds
41:09 Elite Keshik
42:41 Heavy Cavalry Archer
43:32 Silk Armor
43:46 Timurid Siegecraft
46:03 Conscription
45:27 Elite Skirmisher
58:50 Capped Ram
60:51 Pikeman
75:13 Onager
gky_ozglu
MissAlucard
0:32 Loom
13:40 Feudal Age
14:03 Horse Collar
14:12 Double-Bit Axe
15:08 Town Watch
16:00 Wheelbarrow
21:17 Gold Mining
21:18 Stone Mining
25:07 Castle Age
23:25 Forging
23:19 Scale Mail Armor
26:26 Pikeman
26:52 Arson
28:07 Heavy Plow
28:04 Fishing Lines
30:31 Gold Shaft Mining
31:12 Caravan
31:52 Hand Cart
33:13 Gillnets
37:04 Imperial Age
34:57 Hand Cart
35:47 Stone Shaft Mining
36:02 Ballistics
35:57 Fortified Wall
38:05 Onager
39:17 Siege Onager
40:56 Bow Saw
40:19 Halberdier
42:44 Iron Casting
42:25 Chain Mail Armor
44:46 Siege Engineers
46:21 Blast Furnace
45:52 Plate Mail Armor
47:40 Chemistry
46:53 Masonry
47:31 Town Patrol
47:25 Fletching
48:04 Guard Tower
49:27 Furor Celtica
labruixaavorrida
15:14 Feudal Age
16:32 Wheelbarrow
16:44 Double-Bit Axe
19:58 Arson
24:34 Castle Age
25:34 Hand Cart
26:14 Scale Barding Armor
26:13 Husbandry
27:24 Scale Mail Armor
27:38 Forging
29:37 Bow Saw
31:41 Squires
36:54 Imperial Age
35:41 Chain Barding Armor
37:10 Chain Mail Armor
37:12 Gold Mining
37:14 Stone Mining
37:11 Cavalier
39:55 Iron Casting
42:04 Plate Barding Armor
43:26 Gold Shaft Mining
43:05 Paladin
43:27 Pikeman
45:36 Elite Throwing Axeman
46:21 Chivalry
47:41 Plate Mail Armor
51:26 Ordonnance Companies
54:12 Blast Furnace
54:43 Ballistics
55:24 Chemistry
Motopapi
13:39 Feudal Age
15:01 Wheelbarrow
14:09 Horse Collar
14:19 Double-Bit Axe
19:30 Stone Mining
19:31 Gold Mining
24:53 Castle Age
23:40 Forging
23:37 Fletching
23:43 Fishing Lines
24:19 Padded Archer Armor
24:39 Scale Mail Armor
25:06 Arson
26:40 Gold Shaft Mining
25:59 Gillnets
26:39 Heavy Plow
27:39 Hand Cart
29:31 Yeomen
30:11 Bow Saw
31:08 Squires
30:31 Pikeman
31:56 Iron Casting
31:37 Chain Mail Armor
31:21 Bodkin Arrow
34:03 Caravan
34:37 Heated Shot
35:00 Fortified Wall
34:46 Murder Holes
36:44 Chain Mail Armor
36:46 Leather Archer Armor
40:16 Ballistics
40:09 Masonry
43:28 Imperial Age
45:47 Chemistry
44:16 Elite Longbowman
45:21 Conscription
44:46 Halberdier
48:37 Two-Man Saw
47:35 Arrowslits
47:41 Guard Tower
48:24 Architecture
50:40 Blast Furnace
50:11 Plate Mail Armor
49:41 Bracer
50:21 Ring Archer Armor
84:16 Siege Engineers
83:52 Treadmill Crane
84:03 Guard Tower
84:29 Clinker Construction
84:30 Careening
SanchoPanza
12:07 Loom
14:13 Feudal Age
15:30 Wheelbarrow
14:46 Double-Bit Axe
14:44 Horse Collar
18:53 Gold Mining
19:23 Stone Mining
26:17 Castle Age
27:14 Hand Cart
27:04 Heavy Plow
27:20 Bow Saw
29:21 Stone Shaft Mining
34:05 Imperial Age
32:11 Masonry
31:43 Treadmill Crane
32:02 Murder Holes
33:19 Ballistics
32:30 Pikeman
32:37 Pikeman
35:34 Perfusion
36:11 Conscription
36:52 Crop Rotation
37:03 Anarchy
38:37 Elite Skirmisher
44:08 Two-Man Saw
43:22 Forging
43:13 Scale Mail Armor
43:19 Padded Archer Armor
43:30 Fletching
43:58 Squires
46:08 Chemistry
46:30 Iron Casting
46:11 Chain Mail Armor
46:12 Leather Archer Armor
46:00 Bodkin Arrow
47:35 Elite Huskarl
49:48 Caravan
69:36 Bracer
70:06 Ring Archer Armor
70:37 Blast Furnace
69:43 Scale Barding Armor
69:02 Cavalier
69:44 Husbandry
69:35 Halberdier
83:33 Spies/Treason
Connection lost

Rejoining the realm…

Still unreachable

The connection could not be restored.

Session expired

The server has moved on; the page needs a fresh start.